UNITED STATES SILVER LEAGUE
NORFOLK CRUISERS VS TUSCALOOSA TIDE
08/10/2014
 
TOP OF THE 1ST
Tuscaloosa Tide batting - Pitching for Norfolk Cruisers : LHP Adrián Martínez
Pitching: LHP Adrián Martínez
Batting: RHB Waylon Peterson 0-0: Called Strike
0-1: Ball
1-1: Foul Ball, location: 2F
1-2: Ground out 5-3 (Groundball, 56S)
Batting: RHB Dani Espinosa 0-0: Foul Ball, location: 2F
0-1: Ball
1-1: Foul Ball, location: 2F
1-2: Ball
2-2: Ground out 4-3 (Groundball, 4)
Batting: RHB Nick McKnight 0-0: SINGLE (Line Drive, 9LS)
Batting: LHB Jesús Vargas 0-0: Swinging Strike
0-1: Called Strike
0-2: Strikes out looking
Top of the 1st over - 0 run(s), 1 hit(s), 0 error(s), 1 left on base; Tuscaloosa 0 - Norfolk 0
BOTTOM OF THE 1ST
Norfolk Cruisers batting - Pitching for Tuscaloosa Tide : RHP Bruce Sullivan
Pitching: RHP Bruce Sullivan
Batting: RHB Terry Sylvester 0-0: Ball
1-0: Ball
2-0: Foul Ball, location: 2F
2-1: Foul Ball, location: 2F
2-2: Ball
3-2: SINGLE (Line Drive, 78M)
Batting: RHB Bill Childers 0-0: Ball
1-0: Swinging Strike
1-1: Foul Ball, location: 2F
1-2: Ball
2-2: Foul Ball, location: 2F
2-2: Strikes out looking
Batting: SHB Omar Gutiérrez 0-0: Ball
1-0: Ball
2-0: Fly out, F6 (Line Drive, 6)
Batting: SHB Scott Duncan 0-0: Ball
1-0: Ball
2-0: Called Strike
2-1: Ball
3-1: Reached on error, E4 (Groundball, 4)
Terry Sylvester to second
Batting: RHB Pedro Peña 0-0: Called Strike
0-1: Swinging Strike
0-2: Strikes out swinging
Bottom of the 1st over - 0 run(s), 1 hit(s), 1 error(s), 2 left on base; Tuscaloosa 0 - Norfolk 0
TOP OF THE 2ND
Tuscaloosa Tide batting - Pitching for Norfolk Cruisers : LHP Adrián Martínez
Batting: LHB Daniel Clark 0-0: Ball
1-0: Called Strike
1-1: Ball
2-1: Ball
3-1: TRIPLE (Flyball, 9D)
Batting: RHB Juan Cabrera 0-0: Called Strike
0-1: Called Strike
0-2: Fly out, F8 (Flyball, 8RM)
Runner from 3rd tags up, SCORES, throw made
Batting: RHB Juan Jose Díaz 0-0: Ball
1-0: Ball
2-0: Ball
3-0: Base on Balls
Batting: LHB Guillermo Martínez 0-0: Grounds into double play, 4-6-3 (Groundball, 4)
Top of the 2nd over - 1 run(s), 1 hit(s), 0 error(s), 1 left on base; Tuscaloosa 1 - Norfolk 0
BOTTOM OF THE 2ND
Norfolk Cruisers batting - Pitching for Tuscaloosa Tide : RHP Bruce Sullivan
Batting: RHB Ben Ramey 0-0: Called Strike
0-1: Ball
1-1: SINGLE (Groundball, 56D)
Batting: SHB Sancho Rivera 0-0: Called Strike
0-1: Ball
1-1: Ball
2-1: Reached on Error, E8 (Flyball, 8LD)
Ben Ramey to third
Batting: RHB Carlos Rodríguez 0-0: Ball
1-0: Called Strike
1-1: Ball
2-1: Swinging Strike
2-2: SINGLE (Flyball, 6MD)
Ben Ramey scores
Sancho Rivera to third
Batting: LHB Adrián Martínez 0-0: Ball
1-0: Sac Bunt - play at first, batter OUT! 2-4
Carlos Rodríguez to second
Batting: RHB Terry Sylvester 0-0: Ground out 6-3 (Groundball, 6M)
Sancho Rivera scores
Carlos Rodríguez to third
Batting: RHB Bill Childers 0-0: Called Strike
0-1: Foul Ball, location: 2F
0-2: Ball
1-2: Ground out 6-3 (Groundball, 6)
Bottom of the 2nd over - 2 run(s), 2 hit(s), 1 error(s), 1 left on base; Tuscaloosa 1 - Norfolk 2
TOP OF THE 3RD
Tuscaloosa Tide batting - Pitching for Norfolk Cruisers : LHP Adrián Martínez
Batting: RHB Bruce Sullivan 0-0: Called Strike
0-1: Ball
1-1: Foul Ball, location: 2F
1-2: Strikes out swinging
Batting: RHB Waylon Peterson 0-0: Ball
1-0: Called Strike
1-1: Swinging Strike
1-2: Ground out 6-3 (Groundball, 6)
Batting: RHB Dani Espinosa 0-0: Fly out, F6 (Line Drive, 6)
Top of the 3rd over - 0 run(s), 0 hit(s), 0 error(s), 0 left on base; Tuscaloosa 1 - Norfolk 2
BOTTOM OF THE 3RD
Norfolk Cruisers batting - Pitching for Tuscaloosa Tide : RHP Bruce Sullivan
Batting: SHB Omar Gutiérrez 0-0: Called Strike
0-1: Ball
1-1: SINGLE (Line Drive, 89S)
Batting: SHB Scott Duncan 0-0: Ball
1-0: Ball
2-0: Ball
3-0: Called Strike
3-1: Base on Balls
Omar Gutiérrez to second
Batting: RHB Pedro Peña 0-0: Ball
1-0: Called Strike
1-1: Fly out, F8 (Flyball, 8RM)
Batting: RHB Ben Ramey 0-0: Called Strike
0-1: Foul Ball, location: 2F
0-2: Ball
1-2: 3-RUN HOME RUN (Flyball, 7LD), Distance : 345 ft
Batting: SHB Sancho Rivera 0-0: Called Strike
0-1: Swinging Strike
0-2: Foul Ball, location: 2F
0-2: Ball
1-2: Ball
2-2: Foul Ball, location: 2F
2-2: Foul Ball, location: 2F
2-2: Foul Ball, location: 2F
2-2: Ground out 3-1 (Groundball, 34S)
Batting: RHB Carlos Rodríguez 0-0: Ball
1-0: Ball
2-0: SINGLE (Flyball, 9LS)
Batting: LHB Adrián Martínez 0-0: Foul Ball, location: 2F
0-1: Ball
1-1: Ball
2-1: Fly out, F7 (Flyball, 78M)
Bottom of the 3rd over - 3 run(s), 3 hit(s), 0 error(s), 1 left on base; Tuscaloosa 1 - Norfolk 5
TOP OF THE 4TH
Tuscaloosa Tide batting - Pitching for Norfolk Cruisers : LHP Adrián Martínez
Batting: RHB Nick McKnight 0-0: SINGLE (Groundball, 6M)
Pitching: LHP Monte Conner
Batting: LHB Jesús Vargas 0-0: Ball
1-0: Called Strike
1-1: Grounds into double play, 3-6-3 (Groundball, 3)
Batting: LHB Daniel Clark 0-0: DOUBLE (Flyball, 8RXD)
Batting: RHB Juan Cabrera 0-0: DOUBLE (Groundball, 5L)
Daniel Clark scores
Batting: RHB Juan Jose Díaz 0-0: Ball
1-0: Ball
2-0: Ball
3-0: Base on Balls
Batting: LHB Guillermo Martínez 0-0: Ball
1-0: Ball
2-0: Called Strike
2-1: Ball
3-1: Ground out 1-3 (Groundball, 25)
Top of the 4th over - 1 run(s), 3 hit(s), 0 error(s), 2 left on base; Tuscaloosa 2 - Norfolk 5
BOTTOM OF THE 4TH
Norfolk Cruisers batting - Pitching for Tuscaloosa Tide : RHP Bruce Sullivan
Batting: RHB Terry Sylvester 0-0: Ball
1-0: Called Strike
1-1: Ball
2-1: Foul Ball, location: 2F
2-2: Ball
3-2: Strikes out looking
Batting: RHB Bill Childers 0-0: Ball
1-0: Ground out 6-3 (Groundball, 6M)
Batting: SHB Omar Gutiérrez 0-0: Ball
1-0: Ball
2-0: Ball
3-0: Called Strike
3-1: TRIPLE (Line Drive, 9LS)
Batting: SHB Scott Duncan 0-0: Ball
1-0: Foul Ball, location: 2F
1-1: Ball
2-1: Ground out 4-3 (Groundball, 4)
Bottom of the 4th over - 0 run(s), 1 hit(s), 0 error(s), 1 left on base; Tuscaloosa 2 - Norfolk 5
TOP OF THE 5TH
Tuscaloosa Tide batting - Pitching for Norfolk Cruisers : LHP Monte Conner
Pinch Hitting: RHB Alberto Marte 0-0: DOUBLE (Line Drive, 5D)
Batting: RHB Waylon Peterson 0-0: Ball
1-0: Ground out 4-3 (Groundball, 4)
Alberto Marte to third
Batting: RHB Dani Espinosa 0-0: Ball
1-0: Called Strike
1-1: Foul Ball, location: 2F
1-2: Strikes out looking
Batting: RHB Nick McKnight 0-0: Called Strike
0-1: Ground out 5-3 (Groundball, 5S)
Top of the 5th over - 0 run(s), 1 hit(s), 0 error(s), 1 left on base; Tuscaloosa 2 - Norfolk 5
BOTTOM OF THE 5TH
Norfolk Cruisers batting - Pitching for Tuscaloosa Tide : RHP Bruce Sullivan
Pitching: RHP Carlos Martínez
Batting: RHB Pedro Peña 0-0: Fly out, F4 (Popup, 34)
Batting: RHB Ben Ramey 0-0: Ground out 5-3 (Groundball, 5L)
Batting: SHB Sancho Rivera 0-0: Ball
1-0: Ball
2-0: Ball
3-0: Foul Ball, location: 2F
3-1: Foul Ball, location: 2F
3-2: Foul Ball, location: 2F
3-2: Base on Balls
Batting: RHB Carlos Rodríguez 0-0: Called Strike
0-1: Called Strike
0-2: Fly out, F6 (Line Drive, 56)
Bottom of the 5th over - 0 run(s), 0 hit(s), 0 error(s), 1 left on base; Tuscaloosa 2 - Norfolk 5
TOP OF THE 6TH
Tuscaloosa Tide batting - Pitching for Norfolk Cruisers : LHP Monte Conner
Batting: LHB Jesús Vargas 0-0: Foul Ball, location: 2F
0-1: Foul Ball, location: 2F
0-2: Ball
1-2: Foul Ball, location: 2F
1-2: Ball
2-2: Strikes out swinging
Pitching: RHP Brian Bradley
Now at SS: James Bolden
Batting: LHB Daniel Clark 0-0: Ball
1-0: Ball
2-0: Called Strike
2-1: Swinging Strike
2-2: Foul Ball, location: 2F
2-2: Strikes out looking
Batting: RHB Juan Cabrera 0-0: Swinging Strike
0-1: Ball
1-1: Reached on error, E4 (Groundball, 4)
Batting: RHB Juan Jose Díaz 0-0: Called Strike
Juan Cabrera steals 2nd base
0-1: Ground out 4-3 (Groundball, 34)
Top of the 6th over - 0 run(s), 0 hit(s), 1 error(s), 1 left on base; Tuscaloosa 2 - Norfolk 5
BOTTOM OF THE 6TH
Norfolk Cruisers batting - Pitching for Tuscaloosa Tide : RHP Carlos Martínez
Batting: RHB James Bolden 0-0: Called Strike
0-1: Ball
1-1: Ball
2-1: Ground out 6-3 (Groundball, 6)
Batting: RHB Terry Sylvester 0-0: Called Strike
0-1: Swinging Strike
0-2: Strikes out swinging
Batting: RHB Bill Childers 0-0: Ball
1-0: Fly out, F7 (Flyball, 7LM)
Bottom of the 6th over - 0 run(s), 0 hit(s), 0 error(s), 0 left on base; Tuscaloosa 2 - Norfolk 5
TOP OF THE 7TH
Tuscaloosa Tide batting - Pitching for Norfolk Cruisers : RHP Brian Bradley
Batting: LHB Guillermo Martínez 0-0: Ball
1-0: Foul Ball, location: 2F
1-1: Swinging Strike
1-2: Strikes out swinging
Pinch Hitting: RHB Chris Simons 0-0: Foul Ball, location: 2F
0-1: Ball
1-1: Ground out 6-3 (Groundball, 6)
Batting: RHB Waylon Peterson 0-0: Ball
1-0: Ball
2-0: Called Strike
2-1: SINGLE (Line Drive, 78S)
Batting: RHB Dani Espinosa 0-0: SINGLE (Line Drive, 6MD)
Waylon Peterson to second
Batting: RHB Nick McKnight 0-0: Called Strike
0-1: Ball
1-1: Foul Ball, location: 2F
1-2: Ground out 6-3 (Groundball, 6D)
Top of the 7th over - 0 run(s), 2 hit(s), 0 error(s), 2 left on base; Tuscaloosa 2 - Norfolk 5
BOTTOM OF THE 7TH
Norfolk Cruisers batting - Pitching for Tuscaloosa Tide : RHP Carlos Martínez
Pitching: RHP Jerry Thomas
Batting: SHB Omar Gutiérrez 0-0: Ball
1-0: Called Strike
1-1: Ball
2-1: Ball
3-1: Base on Balls
Batting: SHB Scott Duncan 0-0: Ball
1-0: Swinging Strike
1-1: SINGLE (Groundball, 4M)
Omar Gutiérrez to second
Batting: RHB Pedro Peña 0-0: Swinging Strike
0-1: Foul Ball, location: 2F
0-2: Ball
1-2: Fly out, F8 (Line Drive, 8LM)
Batting: RHB Brian Bradley 0-0: Grounds into double play, 6-4-3 (Groundball, 6)
Bottom of the 7th over - 0 run(s), 1 hit(s), 0 error(s), 2 left on base; Tuscaloosa 2 - Norfolk 5
TOP OF THE 8TH
Tuscaloosa Tide batting - Pitching for Norfolk Cruisers : RHP Brian Bradley
Batting: LHB Jesús Vargas 0-0: Swinging Strike
0-1: Ball
1-1: Foul Ball, location: 2F
1-2: Strikes out looking
Batting: LHB Daniel Clark 0-0: Called Strike
0-1: Ball
1-1: SINGLE (Line Drive, 78S)
Batting: RHB Juan Cabrera 0-0: Called Strike
0-1: Foul Ball, location: 2F
0-2: Ball
Wild Pitch!
Daniel Clark to second
1-2: Ball
2-2: Foul Ball, location: 2F
2-2: Ball
3-2: Ground out 4-3 (Groundball, 4)
Daniel Clark to third
Batting: RHB Juan Jose Díaz 0-0: Ball
1-0: Called Strike
1-1: Foul Ball, location: 2F
1-2: Fly out, F2 (Popup, 2RF)
Top of the 8th over - 0 run(s), 1 hit(s), 0 error(s), 1 left on base; Tuscaloosa 2 - Norfolk 5
BOTTOM OF THE 8TH
Norfolk Cruisers batting - Pitching for Tuscaloosa Tide : RHP Jerry Thomas
Batting: SHB Sancho Rivera 0-0: Fly out, F9 (Flyball, 89M)
Batting: RHB Carlos Rodríguez 0-0: Called Strike
0-1: Fly out, F3 (Popup, 3F)
Batting: RHB James Bolden 0-0: Called Strike
0-1: Ball
1-1: Ball
2-1: Fly out, F6 (Popup, 56D)
Bottom of the 8th over - 0 run(s), 0 hit(s), 0 error(s), 0 left on base; Tuscaloosa 2 - Norfolk 5
TOP OF THE 9TH
Tuscaloosa Tide batting - Pitching for Norfolk Cruisers : RHP Brian Bradley
Batting: LHB Guillermo Martínez 0-0: Swinging Strike
0-1: Ground out 4-3 (Groundball, 4)
Pinch Hitting: RHB Chet Nix 0-0: Swinging Strike
0-1: Called Strike
0-2: Strikes out swinging
Pitching: RHP Cam Davidson
Batting: RHB Waylon Peterson 0-0: Ball
1-0: Ball
2-0: Ball
3-0: Called Strike
3-1: Base on Balls
Batting: RHB Dani Espinosa 0-0: Swinging Strike
0-1: Ball
1-1: Swinging Strike
1-2: Foul Ball, location: 2F
1-2: Ball
2-2: Foul Ball, location: 2F
2-2: Ball
3-2: Strikes out swinging
Top of the 9th over - 0 run(s), 0 hit(s), 0 error(s), 1 left on base; Tuscaloosa 2 - Norfolk 5
This league is powered by Out of the Park Baseball, the baseball management simulation game for PC, Mac and Linux
Thursday, April 24th, 2014 - OOTP Baseball 14.6 Build 33